 Dungeon Crawl Stone Soup version 0.22-a0-93-g6b88ebb18f (webtiles) character file.

10 KrissDaBro the Sneak (level 2, -5/22 HPs)
             Began as a Deep Dwarf Enchanter on Jan 23, 2018.
             Slain by a hobgoblin
             ... wielding a +0 club
              (6 damage)
             ... on level 1 of the Dungeon.
             The game lasted 00:02:32 (262 turns).

KrissDaBro the Sneak (Deep Dwarf Enchanter)          Turns: 262, Time: 00:02:33

Health: -5/22      AC:  2    Str: 11    XL:     2   Next: 10%
Magic:  3/4        EV: 12    Int: 15    God:
Gold:   28         SH:  0    Dex: 13    Spells: 3/4 levels left

rFire    . . .     SeeInvis .   e - +0 hand axe
rCold    . . .     Gourm    .   (no shield)
rNeg     . . .     Faith    .   b - +0 robe
rPois    .         Spirit   .   (no helmet)
rElec    .         Reflect  .   (no cloak)
rCorr    .         Harm     .   (no gloves)
MR       .....                  (no boots)
Stlth    ++........             (no amulet)
HPRegen  0.00/turn              (no ring)
MPRegen  0.09/turn              (no ring)

@: very slightly contaminated, non-regenerating
A: damage resistance, heal wounds, sense surroundings 1, no regeneration
a: Heal Wounds


You were on level 1 of the Dungeon.
You were not hungry.

You visited 1 branch of the dungeon, and saw 1 of its levels.

You collected 28 gold pieces.

Inventory:

Hand Weapons
 a - a +1 dagger
 e - a +0 hand axe (weapon)
Armour
 b - a +0 robe (worn)
Books
 c - a book of Maledictions

   Spells                             Type                      Level
   a - Corona                         Hexes                        1
   b - Ensorcelled Hibernation        Hexes/Ice                    2
   c - Confuse                        Hexes                        3
   d - Tukima's Dance                 Hexes                        3
   e - Dazzling Spray                 Conjuration/Hexes            3
Comestibles
 d - a ration
 f - a chunk of flesh


   Skills:
 + Level 0.8 Short Blades
 + Level 0.3 Axes
 + Level 2.2 Dodging
 + Level 4.0 Stealth
 + Level 1.9 Spellcasting
 + Level 2.5 Hexes


You had 3 spell levels left.
You knew the following spells:

 Your Spells              Type           Power        Failure   Level  Hunger
a - Corona                Hex            #......      8%          1    ##.....


Dungeon Overview and Level Annotations

Branches:
Dungeon (1/15)

Altars:


Innate Abilities, Weirdness & Mutations

You are resistant to damage.
You can heal yourself by infusing magical energy.
You passively map a small area around you.
You do not regenerate.


Message History

The jackal is heavily wounded.
You hit the goblin. You closely miss the hobgoblin.
The hobgoblin barely misses you. The jackal closely misses you.
The goblin barely misses you. The jackal closely misses you.
The hobgoblin hits you but does no damage.
You hit the jackal.
You kill the jackal!
You barely miss the hobgoblin. You closely miss the goblin.
The goblin barely misses you. The hobgoblin completely misses you.
A bat and a rat come into view.
Casting: Corona
Confirm with . or Enter, or press ? or * to list all spells.
Aiming: Corona
Press: ? - help, Shift-Dir - straight line, f - hobgoblin
Aim: a hobgoblin, wielding a club (chance to defeat MR: 62%)
You miscast Corona.
You are very lightly contaminated with residual magic.
You feel a bit tired. The goblin barely misses you.
The hobgoblin hits you with a club!
You die...

*
.#.#.#.#..#
...........#
#.r.....#..#
*
...........#
#....!..#..#
...>b.....##
*
#....K..#.#
......g†g.#
* .#.#.#@###
....### *#..
* ##


You could see a hobgoblin, a goblin, a bat, a kobold and a rat.

Vanquished Creatures
  A leopard gecko (D:1)
  A giant cockroach (D:1)
  A hobgoblin (D:1)
  A jackal (D:1)
  A ball python (D:1)
  A bat (D:1)
  A frilled lizard (D:1)
  A kobold (D:1)
  2 rats (D:1)
10 creatures vanquished.

Notes
Turn   | Place    | Note
-------+----------+-------------------------------------------
     0 | D:1      | KrissDaBro the Deep Dwarf Enchanter began the quest for the Orb.
     0 | D:1      | Reached XP level 1. HP: 15/15 MP: 3/3
   213 | D:1      | Reached skill level 4 in Stealth
   213 | D:1      | Reached XP level 2. HP: 1/22 MP: 2/4
   262 | D:1      | Slain by a hobgoblin

Vault maps used:
D:1:      erik_arrival_orb_chamber, st_stairs_4

Skill      XL: |  1 |
---------------+----+-----
Stealth        | 4 |  4.0
Short Blades   | |  0.8
Axes           | |  0.3
Dodging        | |  2.2
Spellcasting   | |  1.9
Hexes          | |  2.5

Action                   || total
-------------------------++-------
Melee: Hand axe          ||    24
 Cast: Corona            ||     3
  Use: Scroll            ||     1
Armor: Robe              ||    16
Dodge: Dodged            ||    46

Table legend:
 A = Spawn XP
 B = Non-spawn XP
 C = Spawn XP percentage of total XP
 D = Spawn monster count
 E = Non-spawn monster count
 F = Spawn count percentage of total count
 G = Total turns spent on level
                    A         B        C        D         E        F      G
               +---------+---------+-------+---------+---------+-------+---------
         Total |       0 |      15 |   0.0 |       0 |      10 |   0.0 |   262
               +---------+---------+-------+---------+---------+-------+---------
           D:1 |       0 |      15 |   0.0 |       0 |      10 |   0.0 |   262
               +---------+---------+-------+---------+---------+-------+---------
